Map: Goldenaura LE

Players

Subwayeatn

  • Race: Zerg Zerg
  • League: Platinum
  • Spawn Location: 12:00

Kaelouis - Winner!

  • Race: Terran Terran
  • Spawn Location: 5:00

VOD

Have the link to the VOD?

Description

Time

  • Played on: Oct. 31, 2023, 6:26 p.m.
  • Length: 14:56
Show
View Real Time Build Order
Export as new Build Order

Subwayeatn Zerg 

Build Orders: Pool First, Swarm Host 

Get SALT Encoding   

  12  0:17  Spawning Pool  
  11  0:22  Drone  
  11  0:27  Drone  
  13  0:31  Drone  
  14  0:40  Overlord  
  14  1:04  Zergling x2  
  14  1:09  Hatchery  
  14  1:21  Queen  
  16  1:26  Zergling x2  
  16  1:29  Zergling x2  
  18  1:33  Zergling x2  
  19  1:42  Zergling x2  
  20  1:57  Queen  
  21  2:20  Queen  
  23  2:27  Extractor  
  23  2:28  Drone x4  
  26  2:42  Overlord  
  26  2:47  Drone x2  
  27  3:10  Queen  
  29  3:19  Overlord  
  28  3:36  Hatchery  
  28  3:40  Drone x5, Extractor  
  31  3:48  Metabolic Boost  
  31  4:00  Overlord  
  31  4:03  Overlord  
  31  4:15  Baneling Nest  
  30  4:22  Lair  
  30  4:30  Overlord  
  29  5:01  Queen  
  29  5:12  Zergling x8  
  29  5:13  Zergling x2, Spine Crawler  
  33  5:19  Evolution Chamber  
  32  5:27  Evolution Chamber  
  31  5:34  Drone  
  31  5:35  Drone  
  33  5:40  Drone  
  34  5:45  Drone  
  35  5:50  Drone  
  36  6:09  Drone x4  
  36  6:10  Drone  
  41  6:12  Drone  
  42  6:25  Drone x3  
  45  6:31  Baneling  
  45  6:32  Baneling x5  
  45  6:39  Spore Crawler  
  44  6:49  Centrifugal Hooks  
  44  6:55  Overseer  
  44  6:56  Overseer, Spore Crawler, Hydralisk Den  
  44  6:58  Overseer  
  44  7:01  Zergling x4  
  44  7:05  Zerg Melee Weapons Level 1  
  44  7:10  Zerg Missile Weapons Level 1  
  44  7:31  Grooved Spines  
  44  7:39  Drone x2  
  44  7:40  Drone x7  
  53  7:51  Spore Crawler  
  52  7:55  Extractor  
  51  8:14  Spore Crawler  
  51  8:17  Drone x8  
  58  8:20  Spore Crawler  
  58  8:21  Muscular Augments  
  57  8:29  Drone  
  57  8:30  Overlord x4  
  57  8:31  Infestation Pit  
  57  8:43  Drone  
  58  8:51  Zergling x2  
  58  8:53  Zergling x2  
  60  9:03  Hydralisk x7  
  60  9:04  Hydralisk x2  
  78  9:12  Extractor  
  78  9:13  Drone x3  
  78  9:16  Drone  
  78  9:17  Drone x3  
  83  9:19  Drone x2  
  85  9:33  Overlord  
  85  9:34  Overlord x2  
  84  9:47  Nydus Network  
  84  9:49  Drone x3  
  84  9:51  Extractor  
  84  9:52  Drone x9  
  94  9:53  Drone  
  95  10:03  Hydralisk x2  
  95  10:04  Hydralisk  
  101  10:18  Zergling x2  
  102  10:26  Swarm Host  
  102  10:27  Swarm Host x3  
  114  10:37  Overlord x4  
  114  10:49  Hatchery  
  113  10:52  Zerg Missile Weapons Level 2  
  113  10:53  Zerg Melee Weapons Level 2  
  113  10:56  Extractor x2, Swarm Host  
  111  10:58  Swarm Host x4  
  111  11:00  Extractor  
  125  11:05  Queen  
  127  11:12  Zergling x6  
  127  11:13  Zergling x20  
  127  11:16  Baneling  
  127  11:17  Baneling x6  
  127  11:18  Baneling  
  140  11:33  Spire  
  138  11:49  Nydus Canal  
  138  12:36  Drone x13  
  151  12:38  Overlord x3  
  151  12:39  Overlord  
  151  12:40  Baneling  
  151  12:41  Baneling x8  
  151  12:42  Baneling x7  
  151  12:43  Baneling  
  151  12:50  Overlord x3  
  151  12:53  Zerg Flyer Weapons Level 1  
  151  12:56  Queen  
  153  13:06  Corruptor x7  
  167  13:43  Corruptor x2  
  167  13:44  Corruptor x3  
  167  13:47  Zergling x16  
  185  13:52  Baneling  
  185  13:53  Baneling x6  
  128  14:18  Zergling x2  
  128  14:19  Zergling x24  
  141  14:26  Baneling  
Show
View Real Time Build Order
Export as new Build Order

Kaelouis Terran - Winner!

Build Orders: Mech 

Get SALT Encoding   

  12  0:00  SCV  
  13  0:12  SCV  
  14  0:18  Supply Depot  
  14  0:24  SCV  
  15  0:31  Refinery  
  15  0:40  SCV  
  16  0:46  Barracks  
  16  0:52  SCV  
  17  1:04  SCV  
  18  1:11  Supply Depot  
  18  1:15  Refinery  
  18  1:16  SCV  
  19  1:28  SCV  
  20  1:33  Reaper  
  21  1:40  SCV  
  22  1:49  Factory  
  22  1:53  SCV  
  23  2:19  Barracks Reactor  
  23  2:20  SCV  
  24  2:29  Barracks  
  24  2:34  Starport  
  24  2:36  Factory Reactor  
  24  2:40  Orbital Command  
  24  3:03  Marine x2  
  26  3:14  Hellion  
  26  3:15  Hellion  
  26  3:17  Starport Tech Lab  
  26  3:18  Barracks Tech Lab  
  30  3:20  Marine  
  30  3:25  Supply Depot  
  31  3:30  Marine  
  30  3:48  Command Center  
  30  3:51  Marine x2  
  32  4:04  Siege Tank  
  35  4:29  Supply Depot  
  35  4:45  Siege Tank  
  38  4:50  Marine x2  
  40  4:54  Liberator, Medivac  
  45  5:08  Marine x2  
  45  5:10  Stimpack, Marauder  
  49  5:17  Barracks  
  49  5:18  Factory  
  49  5:24  SCV  
  49  5:25  Marine x2  
  52  5:36  SCV  
  52  5:38  Marauder  
  52  5:39  Medivac  
  52  5:40  Siege Tank  
  60  5:44  SCV  
  60  5:48  SCV, Supply Depot  
  62  5:50  Supply Depot  
  62  6:02  Factory Tech Lab  
  62  6:05  Barracks Reactor  
  62  6:09  SCV x2  
  64  6:12  Supply Depot  
  64  6:21  SCV x2  
  66  6:50  Marine x4  
  66  6:51  Marine  
  66  6:53  Siege Tank  
  66  6:54  Siege Tank  
  77  6:56  SCV x2  
  79  7:02  Refinery  
  79  7:08  SCV x2, Marine x3  
  80  7:10  Marauder  
  80  7:11  Factory  
  86  7:32  Engineering Bay  
  86  7:33  Armory  
  86  7:35  SCV, Supply Depot  
  84  7:45  Medivac  
  86  7:56  Marine x2, Medivac  
  86  7:57  Marine x2  
  92  7:59  SCV x2  
  92  8:03  Refinery  
  93  8:11  SCV  
  94  8:18  Combat Shield  
  94  8:20  Factory Tech Lab  
  94  8:26  Supply Depot  
  94  8:30  Supply Depot  
  94  8:31  Supply Depot  
  94  8:47  SCV x2, Marine x4  
  100  8:51  Medivac  
  100  8:54  Command Center  
  102  9:00  SCV  
  103  9:05  Marine x4  
  107  9:12  Orbital Command  
  107  9:15  Supply Depot  
  107  9:20  Supply Depot  
  107  9:24  Marine x3  
  108  9:25  Marauder  
  111  9:32  Barracks  
  111  9:37  Concussive Shells  
  111  10:11  SCV x2  
  113  10:18  Orbital Command, Refinery  
  113  10:19  Refinery  
  113  10:23  SCV x2  
  115  10:28  Factory  
  115  10:29  Barracks  
  115  10:32  Starport  
  115  10:33  Supply Depot  
  115  10:35  SCV x2  
  117  10:36  Terran Vehicle Weapons Level 1  
  117  10:37  Terran Infantry Weapons Level 1  
  117  10:47  Marine x2, SCV x2  
  117  10:48  Marine x2  
  123  10:53  Barracks Tech Lab  
  123  10:56  Marauder  
  125  11:00  SCV x2  
  125  11:01  SCV  
  128  11:05  Marine x3  
  128  11:06  Marine  
  135  11:12  Viking x2  
  135  11:16  Starport Tech Lab  
  136  11:20  Barracks Reactor  
  136  11:21  Factory Tech Lab  
  136  11:23  Marine x3  
  136  11:24  Marine  
  140  11:37  Viking  
  142  11:42  Viking x2  
  146  11:47  Supply Depot  
  146  11:51  Supply Depot  
  146  11:53  Supply Depot  
  144  11:55  Supply Depot  
  144  12:07  Raven  
  144  12:08  Marine x7  
  150  12:09  Marauder  
  150  12:11  Supply Depot  
  150  12:12  Viking x2  
  151  12:25  Marine x2  
  151  12:26  Marine x2  
  151  12:27  Marauder  
  156  12:30  Terran Vehicle And Ship Armor Level 1, Marauder  
  156  12:31  Terran Infantry Armor Level 1, SCV x2  
  156  12:32  SCV  
  161  12:41  Raven  
  161  12:43  SCV x2  
  161  12:44  SCV  
  166  13:31  Siege Tank x3  
  166  13:32  Siege Tank  
  172  14:04  Hellbat x3  
  169  14:15  Marine x6  
  169  14:16  Marauder x2  
  179  14:18  Medivac x3  
  182  14:32  Marine  
  182  14:33  Marine x5  
Tags
 
Composition
MechSwarm Host
League
Platinum
Matchup
TvZ
Opening
Pool First
Replay Pack
Multiplayer
Spawn Locations
Cross Positions
Add a new tag
Caveats
  • Supply blocks, unpowered buildings, or Contaminate may cause inaccurate times.
  • Supply counts are checked every 10 seconds.